TOP OF THE 1ST |
Delmarva Gallos batting - Pitching for Smoky Mountain Hobeaus : RHP Adrian Griffith
|
Pitching: RHP Adrian Griffith
|
|
Batting: RHB Gavrie Germashev
|
0-0: Foul Ball, location: 2F 0-1: Ball 1-1: Ground out 6-3 (Groundball, 6, EV 104.4 MPH)
|
Batting: SHB Borya Ukupnik
|
0-0: Swinging Strike 0-1: Swinging Strike 0-2: Foul Ball, location: 2F 0-2: Foul Ball, location: 2F 0-2: Strikes out swinging
|
Batting: LHB Keith Atkins
|
0-0: Called Strike 0-1: Ball 1-1: Swinging Strike 1-2: Strikes out swinging
|
Top of the 1st over - 0 runs, 0 hits, 0 errors, 0 left on base; Delmarva 0 - Smoky Mountain 0 |
BOTTOM OF THE 1ST |
Smoky Mountain Hobeaus batting - Pitching for Delmarva Gallos : RHP Kevin Brown
|
Pitching: RHP Kevin Brown
|
|
Batting: LHB Ben Lindsay
|
0-0: Called Strike 0-1: Ball 1-1: Ball 2-1: Foul Ball, location: 2F 2-2: Foul Ball, location: 2F 2-2: Fly out, F8 (Line Drive, 8LD, EV 91.9 MPH)
|
Batting: LHB Jacob Hall
|
0-0: Called Strike 0-1: Swinging Strike 0-2: Strikes out swinging
|
Batting: LHB Gianni Fei
|
0-0: Ball 1-0: Ball 2-0: Fly out, F9 (Line Drive, 9, EV 96.9 MPH)
|
Bottom of the 1st over - 0 runs, 0 hits, 0 errors, 0 left on base; Delmarva 0 - Smoky Mountain 0 |
TOP OF THE 2ND |
Delmarva Gallos batting - Pitching for Smoky Mountain Hobeaus : RHP Adrian Griffith
|
Batting: RHB Manuel Cuevas
|
0-0: Called Strike 0-1: Called Strike 0-2: Ball 1-2: Ball 2-2: Strikes out swinging
|
Batting: LHB Carlos Fuentes
|
0-0: Called Strike 0-1: Ball 1-1: Foul Ball, location: 2F 1-2: SINGLE (Line Drive, 9S, EV 93.8 MPH)
|
Batting: RHB Mito Kawamura
|
0-0: Swinging Strike 0-1: Fly out, F1 (Popup, 15, EV 80.0 MPH)
|
Batting: LHB Ken Brown
|
0-0: Ball 1-0: Ball 2-0: Called Strike 2-1: Fly out, F8 (Flyball, 8RM, EV 87.5 MPH)
|
Top of the 2nd over - 0 runs, 1 hit, 0 errors, 1 left on base; Delmarva 0 - Smoky Mountain 0 |
BOTTOM OF THE 2ND |
Smoky Mountain Hobeaus batting - Pitching for Delmarva Gallos : RHP Kevin Brown
|
Batting: RHB Tom Scroby
|
0-0: Ground out 5-3 (Groundball, 5L, EV 82.5 MPH)
|
Batting: LHB Timothy Henderson
|
0-0: Fly out, F4 (Popup, 4, EV 73.1 MPH)
|
Batting: RHB Liang Bai
|
0-0: Called Strike 0-1: Called Strike 0-2: Ball 1-2: Ball 2-2: Ground out 4-3 (Groundball, 4M, EV 89.4 MPH)
|
Bottom of the 2nd over - 0 runs, 0 hits, 0 errors, 0 left on base; Delmarva 0 - Smoky Mountain 0 |
TOP OF THE 3RD |
Delmarva Gallos batting - Pitching for Smoky Mountain Hobeaus : RHP Adrian Griffith
|
Batting: RHB Remi Luttini
|
0-0: DOUBLE (Groundball, 5L, EV 101.2 MPH)
|
Batting: RHB Todd Gallagher
|
0-0: Ball 1-0: Called Strike 1-1: Foul Ball, location: 2F 1-2: Ball 2-2: Foul Ball, location: 2F 2-2: Strikes out swinging
|
Batting: RHB Gavrie Germashev
|
0-0: Called Strike 0-1: Ball 1-1: Fly out, F7 (Line Drive, 78M, EV 103.8 MPH)
|
Batting: SHB Borya Ukupnik
|
0-0: Foul Ball, location: 2F 0-1: Swinging Strike 0-2: Ball 1-2: Ball 2-2: SINGLE (Flyball, 9LS, EV 86.9 MPH) Remi Luttini to third Runner from 3rd tries for Home, SAFE, throw by RF to home
|
Batting: LHB Keith Atkins
|
0-0: Ball 1-0: Ball 2-0: Ball 3-0: Called Strike 3-1: DOUBLE (Flyball, 78D, EV 104.4 MPH) Borya Ukupnik to third Runner from 3rd tries for Home, SAFE, no throw by LF
|
Batting: RHB Manuel Cuevas
|
0-0: Ball 1-0: Ball 2-0: Ball 3-0: Called Strike 3-1: Foul Ball, location: 2F 3-2: Ground out 4-3 (Groundball, 4, EV 105.6 MPH)
|
Top of the 3rd over - 2 runs, 3 hits, 0 errors, 1 left on base; Delmarva 2 - Smoky Mountain 0 |
BOTTOM OF THE 3RD |
Smoky Mountain Hobeaus batting - Pitching for Delmarva Gallos : RHP Kevin Brown
|
Batting: RHB Jesús Fernández
|
0-0: Swinging Strike 0-1: Ball 1-1: Foul Ball, location: 2F 1-2: Foul Ball, location: 2F 1-2: SOLO HOME RUN (Flyball, 7D, EV 99.4 MPH), Distance : 385 ft
|
Batting: RHB Senzo Matsuura
|
0-0: Ball 1-0: Ball 2-0: Ground out 1-3 (Groundball, P, EV 75.6 MPH)
|
Batting: RHB Matt Murphy
|
0-0: Ball 1-0: Foul Ball, location: 2F 1-1: Foul Ball, location: 2F 1-2: Ball 2-2: Foul Ball, location: 2F 2-2: Foul Ball, location: 2F 2-2: Ground out 2-3 (Groundball, 2L, EV 68.8 MPH)
|
Batting: LHB Ben Lindsay
|
0-0: Ball 1-0: Ball 2-0: Foul Ball, location: 2F 2-1: Called Strike 2-2: Foul Ball, location: 2F 2-2: Ball 3-2: Foul Ball, location: 2F 3-2: SINGLE (Groundball, 4D, EV 103.8 MPH)
|
Batting: LHB Jacob Hall
|
0-0: Ball Ben Lindsay is caught stealing 2nd base 2-6
|
Bottom of the 3rd over - 1 run, 2 hits, 0 errors, 0 left on base; Delmarva 2 - Smoky Mountain 1 |
TOP OF THE 4TH |
Delmarva Gallos batting - Pitching for Smoky Mountain Hobeaus : RHP Adrian Griffith
|
Batting: LHB Carlos Fuentes
|
0-0: Called Strike 0-1: Ball 1-1: Reached on error, E4 (Groundball, 4, EV 109.4 MPH)
|
Batting: RHB Mito Kawamura
|
0-0: Ball 1-0: Ball 2-0: Foul Ball, location: 2F 2-1: Foul Ball, location: 2F 2-2: Ball 3-2: Foul Ball, location: 2F 3-2: SINGLE (Line Drive, 8LS, EV 110.6 MPH) Carlos Fuentes to second
|
Batting: LHB Ken Brown
|
0-0: Fielders Choice at 2nd, 5-4 (Groundball, 56, EV 98.1 MPH) Carlos Fuentes to third
|
Batting: RHB Remi Luttini
|
0-0: Ball Ken Brown is caught stealing 2nd base 2-4 1-0: Swinging Strike 1-1: Ball 2-1: Ball 3-1: Ground out 6-3 (Groundball, 6, EV 76.2 MPH)
|
Top of the 4th over - 0 runs, 1 hit, 1 error, 1 left on base; Delmarva 2 - Smoky Mountain 1 |
BOTTOM OF THE 4TH |
Smoky Mountain Hobeaus batting - Pitching for Delmarva Gallos : RHP Kevin Brown
|
Batting: LHB Jacob Hall
|
0-0: Ball 1-0: Called Strike 1-1: Ball 2-1: Swinging Strike 2-2: Ball 3-2: Strikes out looking
|
Batting: LHB Gianni Fei
|
0-0: Ball 1-0: Ball 2-0: Ground out 4-3 (Groundball, 4M, EV 92.5 MPH)
|
Batting: RHB Tom Scroby
|
0-0: Ball 1-0: Ground out 6-3 (Groundball, 6, EV 105.0 MPH)
|
Bottom of the 4th over - 0 runs, 0 hits, 0 errors, 0 left on base; Delmarva 2 - Smoky Mountain 1 |
TOP OF THE 5TH |
Delmarva Gallos batting - Pitching for Smoky Mountain Hobeaus : RHP Adrian Griffith
|
Batting: RHB Todd Gallagher
|
0-0: Swinging Strike 0-1: Fly out, F8 (Flyball, 8LS, EV 90.0 MPH)
|
Batting: RHB Gavrie Germashev
|
0-0: SINGLE (Flyball, 5D, EV 93.8 MPH)
|
Batting: SHB Borya Ukupnik
|
0-0: Foul Ball, location: 2F 0-1: Ball 1-1: Foul Ball, location: 2F 1-2: Fly out, F8 (Flyball, 89D, EV 106.9 MPH)
|
Batting: LHB Keith Atkins
|
0-0: Ball Gavrie Germashev is caught stealing 2nd base 2-6
|
Top of the 5th over - 0 runs, 1 hit, 0 errors, 0 left on base; Delmarva 2 - Smoky Mountain 1 |
BOTTOM OF THE 5TH |
Smoky Mountain Hobeaus batting - Pitching for Delmarva Gallos : RHP Kevin Brown
|
Batting: LHB Timothy Henderson
|
0-0: Ball 1-0: Ball 2-0: Called Strike 2-1: Ground out 6-3 (Groundball, 6, EV 86.2 MPH)
|
Batting: RHB Liang Bai
|
0-0: Ball 1-0: Called Strike 1-1: Ball 2-1: Fly out, F8 (Flyball, 8RS, EV 85.0 MPH)
|
Batting: RHB Jesús Fernández
|
0-0: Ball 1-0: Foul Ball, location: 2F 1-1: Ball 2-1: Fly out, F8 (Line Drive, 8RD, EV 96.2 MPH)
|
Bottom of the 5th over - 0 runs, 0 hits, 0 errors, 0 left on base; Delmarva 2 - Smoky Mountain 1 |
TOP OF THE 6TH |
Delmarva Gallos batting - Pitching for Smoky Mountain Hobeaus : RHP Adrian Griffith
|
Batting: LHB Keith Atkins
|
0-0: Called Strike 0-1: Ball 1-1: Ground out U3 (Groundball, 3S, EV 86.2 MPH)
|
Batting: RHB Manuel Cuevas
|
0-0: Called Strike 0-1: Swinging Strike 0-2: Ball 1-2: Strikes out swinging
|
Batting: LHB Carlos Fuentes
|
0-0: Ball 1-0: Foul Ball, location: 2F 1-1: Foul Ball, location: 2F 1-2: Ball 2-2: Ball 3-2: Fly out, F2 (Popup, 2R, EV 88.8 MPH)
|
Top of the 6th over - 0 runs, 0 hits, 0 errors, 0 left on base; Delmarva 2 - Smoky Mountain 1 |
BOTTOM OF THE 6TH |
Smoky Mountain Hobeaus batting - Pitching for Delmarva Gallos : RHP Kevin Brown
|
Batting: RHB Senzo Matsuura
|
0-0: Called Strike 0-1: Called Strike 0-2: Fly out, F8 (Flyball, 78S, EV 75.0 MPH)
|
Batting: RHB Matt Murphy
|
0-0: Called Strike 0-1: Ball 1-1: Ball 2-1: Foul Ball, location: 2F 2-2: SINGLE (Line Drive, 8RS, EV 103.1 MPH)
|
Batting: LHB Ben Lindsay
|
0-0: SINGLE (Groundball, 4MD, EV 96.2 MPH) Matt Murphy to second
|
Batting: LHB Jacob Hall
|
0-0: Ball 1-0: SINGLE (Line Drive, 78S, EV 94.4 MPH) Matt Murphy to third Ben Lindsay to second Runner from 3rd tries for Home, SAFE, throw by CF to home
|
Batting: LHB Gianni Fei
|
0-0: Swinging Strike 0-1: Ball 1-1: Fly out, F6 (Popup, 6S, EV 68.1 MPH)
|
Batting: RHB Tom Scroby
|
0-0: Ball 1-0: Foul Ball, location: 2F 1-1: Ball 2-1: Ball 3-1: Base on Balls Ben Lindsay to third Jacob Hall to second
|
Batting: LHB Timothy Henderson
|
0-0: Foul Ball, location: 2F 0-1: Ball 1-1: SINGLE (Flyball, 3D, EV 96.9 MPH) Ben Lindsay scores Jacob Hall to third Tom Scroby to second Runner from 3rd tries for Home, SAFE, throw by RF to home
|
Batting: RHB Liang Bai
|
0-0: Ball 1-0: Foul Ball, location: 2F 1-1: Ball 2-1: Ball 3-1: Called Strike 3-2: Foul Ball, location: 2F 3-2: Foul Ball, location: 2F 3-2: Ground out 5-3 (Groundball, 56S, EV 85.6 MPH)
|
Bottom of the 6th over - 3 runs, 4 hits, 0 errors, 2 left on base; Delmarva 2 - Smoky Mountain 4 |
TOP OF THE 7TH |
Delmarva Gallos batting - Pitching for Smoky Mountain Hobeaus : RHP Adrian Griffith
|
Batting: RHB Mito Kawamura
|
0-0: Called Strike 0-1: Ball 1-1: SINGLE (Line Drive, 4D, EV 96.2 MPH)
|
Pitching: LHP Keala Mikala
|
|
Pinch Hitting: RHB Gang Yip
|
0-0: Ball 1-0: Foul Ball, location: 2F 1-1: Ball 2-1: Ground out 6-3 (Groundball, P, EV 85.6 MPH) Mito Kawamura to second
|
Batting: RHB Remi Luttini
|
0-0: Called Strike 0-1: Ball 1-1: Swinging Strike 1-2: Strikes out looking
|
Batting: RHB Todd Gallagher
|
0-0: SINGLE (Groundball, 6D, EV 97.5 MPH) Mito Kawamura to third Runner from 3rd tries for Home, SAFE, throw by LF to home
|
Batting: RHB Gavrie Germashev
|
0-0: DOUBLE (Flyball, 8LD, EV 98.1 MPH) Todd Gallagher to third Runner from 3rd tries for Home, SAFE, no throw by CF
|
Batting: SHB Borya Ukupnik
|
0-0: Swinging Strike 0-1: Hit by Pitch
|
Pinch Hitting: RHB Joel Costello
|
0-0: Called Strike 0-1: Ball 1-1: Foul Ball, location: 2F 1-2: Strikes out swinging
|
Top of the 7th over - 2 runs, 3 hits, 0 errors, 2 left on base; Delmarva 4 - Smoky Mountain 4 |
BOTTOM OF THE 7TH |
Smoky Mountain Hobeaus batting - Pitching for Delmarva Gallos : RHP Kevin Brown
|
Now in LF: Zachary Gibson
|
|
Now in CF: Boys Compagne
|
|
Batting: RHB Jesús Fernández
|
0-0: Called Strike 0-1: Ground out U3 (Groundball, 3, EV 83.1 MPH)
|
Batting: RHB Senzo Matsuura
|
0-0: Ball 1-0: Ball 2-0: Fly out, F8 (Line Drive, 8RM, EV 93.8 MPH)
|
Batting: RHB Matt Murphy
|
0-0: Ball 1-0: Swinging Strike 1-1: Ball 2-1: Swinging Strike 2-2: Strikes out swinging
|
Bottom of the 7th over - 0 runs, 0 hits, 0 errors, 0 left on base; Delmarva 4 - Smoky Mountain 4 |
TOP OF THE 8TH |
Delmarva Gallos batting - Pitching for Smoky Mountain Hobeaus : LHP Keala Mikala
|
Batting: RHB Manuel Cuevas
|
0-0: Ball 1-0: Ball 2-0: Ball 3-0: Called Strike 3-1: Foul Ball, location: 2F 3-2: Fly out, F4 (Popup, 4M, EV 56.2 MPH)
|
Pinch Hitting: RHB Harry Brindle
|
0-0: Called Strike 0-1: Ball 1-1: Ground out 5-3 (Groundball, 56, EV 78.8 MPH)
|
Batting: RHB Mito Kawamura
|
0-0: Ball 1-0: DOUBLE (Line Drive, 7LM, EV 104.4 MPH)
|
Batting: LHB Zachary Gibson
|
0-0: Ball 1-0: Fly out, F8 (Flyball, 8RD, EV 80.6 MPH)
|
Top of the 8th over - 0 runs, 1 hit, 0 errors, 1 left on base; Delmarva 4 - Smoky Mountain 4 |
BOTTOM OF THE 8TH |
Smoky Mountain Hobeaus batting - Pitching for Delmarva Gallos : RHP Kevin Brown
|
Pitching: LHP Rafael Medina
|
|
Now at C: Roberto Alcoholado
|
|
Pinch Hitting: RHB Pete Dunn
|
0-0: Ball 1-0: Fly out, F8 (Flyball, 89D, EV 100.0 MPH)
|
Batting: LHB Jacob Hall
|
0-0: Swinging Strike 0-1: Swinging Strike 0-2: Strikes out looking
|
Batting: LHB Gianni Fei
|
0-0: Ball 1-0: Fly out, F8 (Flyball, 8RD, EV 85.0 MPH)
|
Bottom of the 8th over - 0 runs, 0 hits, 0 errors, 0 left on base; Delmarva 4 - Smoky Mountain 4 |
TOP OF THE 9TH |
Delmarva Gallos batting - Pitching for Smoky Mountain Hobeaus : LHP Keala Mikala
|
Now in CF: Mike Gill
|
|
Batting: RHB Remi Luttini
|
0-0: Called Strike 0-1: Ball 1-1: Ball 2-1: Ground out 4-3 (Groundball, 4, EV 83.8 MPH)
|
Batting: RHB Todd Gallagher
|
0-0: Called Strike 0-1: Ball 1-1: Called Strike 1-2: Strikes out looking
|
Batting: RHB Gavrie Germashev
|
0-0: Ball 1-0: Fly out, F8 (Flyball, 8LD, EV 103.1 MPH)
|
Top of the 9th over - 0 runs, 0 hits, 0 errors, 0 left on base; Delmarva 4 - Smoky Mountain 4 |
BOTTOM OF THE 9TH |
Smoky Mountain Hobeaus batting - Pitching for Delmarva Gallos : LHP Rafael Medina
|
Batting: RHB Tom Scroby
|
0-0: Called Strike 0-1: Foul Ball, location: 2F 0-2: Strikes out swinging
|
Pinch Hitting: RHB Jorge Franco
|
0-0: Ball 1-0: Ball 2-0: Ball 3-0: Called Strike 3-1: Called Strike 3-2: Base on Balls
|
Batting: RHB Liang Bai
|
0-0: Called Strike 0-1: Ball Jorge Franco is caught stealing 2nd base 2-4 1-1: Ground out 6-3 (Groundball, 6, EV 104.4 MPH)
|
Bottom of the 9th over - 0 runs, 0 hits, 0 errors, 0 left on base; Delmarva 4 - Smoky Mountain 4 |
TOP OF THE 10TH |
Delmarva Gallos batting - Pitching for Smoky Mountain Hobeaus : LHP Keala Mikala
|
Pitching: LHP Brenden Cleverdon
|
|
Now in LF: Reynaldo Juárez
|
|
Batting: SHB Borya Ukupnik
|
0-0: Ball 1-0: Ball 2-0: Swinging Strike 2-1: Called Strike 2-2: Strikes out swinging
|
Batting: SHB Boys Compagne
|
0-0: Ball 1-0: Called Strike 1-1: Ball 2-1: Ball 3-1: Foul Ball, location: 2F 3-2: Base on Balls
|
Batting: RHB Manuel Cuevas
|
0-0: Ball 1-0: Ball 2-0: Swinging Strike 2-1: Called Strike 2-2: Foul Ball, location: 2F 2-2: Ball 3-2: Base on Balls Boys Compagne to second
|
Batting: RHB Roberto Alcoholado
|
0-0: Called Strike 0-1: Called Strike 0-2: Ball 1-2: Strikes out swinging
|
Batting: RHB Mito Kawamura
|
0-0: Ground out 4-3 (Groundball, 34, EV 77.5 MPH)
|
Top of the 10th over - 0 runs, 0 hits, 0 errors, 2 left on base; Delmarva 4 - Smoky Mountain 4 |
BOTTOM OF THE 10TH |
Smoky Mountain Hobeaus batting - Pitching for Delmarva Gallos : LHP Rafael Medina
|
Batting: RHB Jesús Fernández
|
0-0: Ball 1-0: Foul Ball, location: 2F 1-1: Ball 2-1: Foul Ball, location: 2F 2-2: Foul Ball, location: 3F, Error on foul ball, E3 2-2: Ball 3-2: Fly out, F3 (Popup, 3SF, EV 80.6 MPH)
|
Batting: RHB Senzo Matsuura
|
0-0: Foul Ball, location: 2F 0-1: Ball 1-1: Ball 2-1: Swinging Strike 2-2: Strikes out swinging
|
Batting: RHB Matt Murphy
|
0-0: Called Strike 0-1: Foul Ball, location: 2F 0-2: Ball 1-2: Ground out 1-3 (Groundball, 13S, EV 75.0 MPH)
|
Bottom of the 10th over - 0 runs, 0 hits, 1 error, 0 left on base; Delmarva 4 - Smoky Mountain 4 |
TOP OF THE 11TH |
Delmarva Gallos batting - Pitching for Smoky Mountain Hobeaus : LHP Brenden Cleverdon
|
Pitching: LHP Kliment Rzempiel
|
|
Batting: LHB Zachary Gibson
|
0-0: Foul Ball, location: 2F 0-1: Foul Ball, location: 2F 0-2: Strikes out swinging
|
Batting: RHB Remi Luttini
|
0-0: Ball 1-0: Ground out 6-3 (Groundball, 6, EV 83.8 MPH)
|
Batting: RHB Todd Gallagher
|
0-0: Called Strike 0-1: Fly out, F7 (Flyball, 7LD, EV 83.8 MPH)
|
Top of the 11th over - 0 runs, 0 hits, 0 errors, 0 left on base; Delmarva 4 - Smoky Mountain 4 |
BOTTOM OF THE 11TH |
Smoky Mountain Hobeaus batting - Pitching for Delmarva Gallos : LHP Rafael Medina
|
Pitching: RHP Stephen Black
|
|
Batting: LHB Mike Gill
|
0-0: Ball 1-0: Ball 2-0: Called Strike 2-1: Ball 3-1: DOUBLE (Flyball, 9LD, EV 101.9 MPH)
|
Batting: LHB Jacob Hall
|
0-0: Called Strike 0-1: Ball 1-1: Ball 2-1: Ball 3-1: Called Strike 3-2: Foul Ball, location: 2F 3-2: Base on Balls
|
Batting: LHB Gianni Fei
|
0-0: Ball 1-0: Called Strike 1-1: Called Strike 1-2: Fly out, F5 (Popup, 5F, EV 74.4 MPH)
|
Batting: RHB Tom Scroby
|
0-0: Foul Ball, location: 2F 0-1: Foul Ball, location: 2F 0-2: SINGLE (Groundball, 4MD, EV 107.5 MPH) Mike Gill to third Jacob Hall to second Runner from 3rd tries for Home, SAFE, throw by CF to home
|
Bottom of the 11th over - 1 run, 2 hits, 0 errors, 0 left on base; Delmarva 4 - Smoky Mountain 5 |
|
Game Over ... Smoky Mountain defeats Delmarva, 5 to 4
|
|
|